Map: Eastwatch LE

Players

SpeCial - Winner!

  • Race: Terran Terran
  • Spawn Location: 7:00

Demi

  • Race: Zerg Zerg
  • Spawn Location: 1:00

Event: IEM Season 12 - PyeongChang

VOD

Have the link to the VOD?

Description

Time

  • Played on: Feb. 4, 2018, 11:35 p.m.
  • Length: 8:36

All games in this series

Show
View Real Time Build Order
Export as new Build Order

SpeCial Terran - Winner!

Build Orders: Reaper Expand, Hellion Banshee 

Get SALT Encoding   

  12  0:01  SCV  
  13  0:13  SCV  
  14  0:17  Supply Depot  
  14  0:25  SCV  
  15  0:39  SCV  
  15  0:40  Barracks  
  16  0:43  Refinery  
  16  0:51  SCV  
  17  1:03  SCV  
  18  1:15  SCV  
  19  1:27  Reaper  
  19  1:29  Orbital Command  
  20  1:40  Command Center  
  20  1:51  Supply Depot  
  20  1:55  SCV  
  20  1:59  Marine  
  22  2:04  Factory  
  22  2:07  SCV  
  23  2:17  Refinery  
  23  2:21  SCV  
  23  2:22  Barracks Reactor  
  24  2:33  SCV  
  25  2:45  SCV  
  26  2:52  Starport, Orbital Command  
  26  2:57  SCV  
  27  3:02  Hellion x2  
  31  3:07  Barracks Tech Lab  
  31  3:09  SCV  
  32  3:18  SCV  
  33  3:21  SCV  
  33  3:23  Hellion x2  
  33  3:25  Supply Depot  
  38  3:30  SCV  
  38  3:34  SCV  
  40  3:36  Medivac  
  42  3:43  SCV  
  42  3:46  SCV, Hellion  
  42  3:47  Hellion  
  48  3:49  Supply Depot  
  48  3:50  Armory  
  48  3:55  Cloaking Field  
  48  3:57  SCV  
  48  4:00  SCV  
  50  4:11  Banshee, Supply Depot  
  50  4:15  SCV x2  
  50  4:16  Hellion  
  57  4:18  Hellion  
  59  4:31  SCV x2, Supply Depot  
  59  4:34  Supply Depot  
  59  4:37  Hellion  
  63  4:39  Hellion  
  63  4:44  SCV x2  
  67  4:53  Barracks Tech Lab  
  67  4:56  Banshee, SCV  
  71  5:00  Command Center  
  71  5:03  SCV  
  72  5:08  SCV  
  72  5:13  Factory Reactor  
  73  5:15  Barracks, Marine  
  73  5:16  SCV, Barracks  
  75  5:21  Stimpack  
  75  5:23  SCV  
  75  5:28  SCV  
  72  5:33  Marine  
  72  5:35  SCV  
  66  5:38  Engineering Bay  
  66  5:39  Engineering Bay  
  66  5:40  SCV  
  65  5:46  Refinery x2  
  65  5:47  SCV  
  65  5:49  Starport Reactor  
  66  5:51  Marine  
  66  5:52  SCV  
  68  5:59  SCV  
  69  6:04  SCV  
  69  6:08  Siege Tank  
  69  6:09  Marine  
  75  6:11  SCV  
  75  6:12  Orbital Command  
  75  6:13  Barracks  
  75  6:14  Barracks  
  75  6:15  Hellion  
  75  6:16  SCV  
  76  6:21  Terran Infantry Weapons Level 1  
  76  6:22  Terran Infantry Armor Level 1, Liberator  
  76  6:23  SCV, Marine  
  76  6:24  Marine x3  
  81  6:27  Medivac, Marine  
  81  6:30  SCV  
  85  6:35  SCV  
  85  6:36  Orbital Command  
  89  6:41  Marine  
  89  6:42  Marine x3  
  89  6:43  SCV  
  89  6:44  Marine  
  95  6:47  SCV  
  95  6:48  Hellion x2, Supply Depot  
  96  6:55  SCV, Siege Tank  
  96  6:59  Marine  
  101  7:09  SCV x3, Marine x3  
  101  7:12  Supply Depot  
  101  7:13  Supply Depot  
  101  7:14  Marine  
  101  7:15  Barracks Reactor x2  
  108  7:18  Supply Depot  
  108  7:22  SCV  
  109  7:28  Supply Depot  
  109  7:33  Medivac x2, SCV, Marine x3  
  109  7:34  Marine x2  
  109  7:35  SCV x2  
  109  7:36  Supply Depot x2  
  121  7:45  SCV  
  121  7:46  Refinery  
  121  7:47  Refinery, SCV x2, Supply Depot  
  121  7:51  Supply Depot, Marine x3  
  124  7:52  Marine  
  124  7:54  Siege Tank  
  124  7:57  SCV  
  132  7:59  SCV x2  
  132  8:03  Medivac x2, Marine x2  
  140  8:07  Marine  
  140  8:08  Factory  
  140  8:10  SCV, Marine  
  140  8:11  SCV  
  141  8:13  Marine  
  129  8:27  Factory  
Show
View Real Time Build Order
Export as new Build Order

Demi Zerg 

Build Orders: Hatch First 

Get SALT Encoding   

  12  0:01  Drone  
  13  0:12  Overlord  
  13  0:17  Drone  
  14  0:30  Drone  
  14  0:31  Drone  
  16  0:36  Drone  
  17  0:51  Hatchery  
  17  0:55  Drone  
  17  0:58  Drone  
  18  1:10  Extractor  
  17  1:14  Spawning Pool  
  17  1:17  Drone  
  17  1:20  Drone  
  18  1:28  Drone  
  19  1:40  Overlord  
  19  1:50  Drone  
  20  2:00  Queen  
  22  2:01  Zergling x2  
  22  2:03  Queen, Zergling x2  
  26  2:10  Metabolic Boost  
  26  2:12  Drone  
  27  2:18  Drone  
  27  2:22  Overlord  
  28  2:35  Drone x2  
  30  2:40  Queen  
  32  2:46  Pneumatized Carapace, Drone x2  
  34  2:58  Drone x2  
  34  3:04  Overlord  
  36  3:08  Drone x2  
  36  3:12  Drone x3  
  41  3:15  Drone x2  
  41  3:17  Drone  
  44  3:28  Drone  
  44  3:30  Hatchery  
  44  3:32  Drone  
  45  3:40  Overlord  
  45  3:41  Queen  
  47  3:48  Overlord  
  47  3:50  Lair  
  47  3:54  Zergling x6  
  50  4:01  Overlord  
  50  4:02  Drone x2  
  52  4:03  Drone x2  
  54  4:11  Drone x2  
  56  4:17  Drone  
  56  4:18  Queen  
  56  4:20  Overlord, Baneling Nest  
  58  4:25  Spore Crawler  
  58  4:26  Overlord  
  58  4:27  Spore Crawler  
  56  4:31  Overlord  
  56  4:34  Drone x3  
  59  4:41  Drone x2  
  61  4:46  Extractor  
  61  4:52  Zergling x6  
  60  4:58  Queen  
  62  5:02  Queen  
  64  5:10  Baneling x4  
  64  5:11  Drone  
  64  5:12  Drone x4  
  69  5:17  Baneling  
  69  5:18  Drone  
  69  5:19  Drone x3  
  67  5:34  Zergling x6  
  64  5:42  Zergling x8  
  66  5:45  Queen  
  66  5:46  Overseer  
  66  5:48  Spore Crawler  
  65  5:54  Drone  
  65  5:55  Drone x4  
  69  5:58  Drone x3  
  69  5:59  Drone  
  69  6:03  Queen  
  73  6:15  Queen  
  73  6:16  Overseer, Extractor  
  74  6:19  Drone x4  
  74  6:21  Queen, Extractor  
  74  6:23  Centrifical Hooks  
  74  6:25  Drone x2  
  81  6:26  Drone  
  81  6:27  Drone  
  81  6:31  Extractor  
  81  6:32  Evolution Chamber  
  81  6:33  Drone  
  81  6:34  Evolution Chamber  
  81  6:35  Baneling x2  
  81  6:42  Drone x4  
  81  6:43  Drone x2  
  87  6:51  Queen  
  89  6:56  Drone x4  
  92  7:03  Overlord x2  
  92  7:05  Drone  
  93  7:13  Extractor  
  93  7:14  Hydralisk Den  
  91  7:23  Overlord x2  
  91  7:25  Drone x2  
  93  7:33  Zergling x16  
  93  7:34  Zergling x2  
  102  7:43  Zergling x12  
  108  7:51  Baneling  
  108  7:52  Baneling x2  
  108  7:53  Baneling x2  
  108  7:54  Baneling x2  
  108  7:59  Overlord x2  

Tags
 
Add a new tag
Caveats
  • Supply blocks, unpowered buildings, or Contaminate may cause inaccurate times.
  • Supply counts are checked every 10 seconds.